Map: Reclamation LE

Players

Utilizator

  • Race: Zerg Zerg
  • Spawn Location: 5:00

Стратег

  • Race: Terran Terran
  • Spawn Location: 6:00

Ekelpack - Winner!

  • Race: Zerg Zerg
  • Spawn Location: 11:00

Nyck - Winner!

  • Race: Terran Terran
  • Spawn Location: 12:00

VOD

Have the link to the VOD?

Description

Time

  • Played on: April 1, 2025, 2:09 p.m.
  • Length: 14:48
Show
View Real Time Build Order
Export as new Build Order

Utilizator Zerg 

Build Orders: Pool First 

Get SALT Encoding   

  12  0:01  Drone  
  13  0:13  Overlord  
  13  0:17  Drone  
  14  0:32  Drone x2  
  16  0:35  Drone  
  17  0:51  Spawning Pool  
  17  0:53  Extractor  
  17  0:54  Drone  
  16  0:59  Drone  
  17  1:16  Hatchery  
  16  1:19  Drone  
  16  1:22  Drone  
  18  1:30  Overlord  
  18  1:43  Queen  
  20  1:48  Zergling x2  
  21  2:04  Zergling x2  
  21  2:05  Metabolic Boost  
  22  2:08  Drone  
  23  2:18  Queen  
  23  2:19  Zergling x2  
  26  2:31  Drone x2  
  26  2:35  Drone  
  26  2:36  Extractor  
  28  2:54  Spore Crawler  
  27  3:02  Zergling x10  
  27  3:03  Zergling x4  
  34  3:13  Spore Crawler  
  34  3:14  Drone x2  
  34  3:17  Drone  
  36  3:34  Roach Warren  
  36  3:35  Drone  
  36  3:39  Overlord  
  36  3:48  Overlord  
  36  3:54  Lair  
  36  4:07  Evolution Chamber  
  32  4:14  Zergling x8  
  29  4:29  Queen  
  29  4:30  Roach  
  33  4:47  Drone  
  34  5:04  Queen  
  36  5:09  Drone x2  
  36  5:11  Drone x3, Hydralisk Den  
  40  5:31  Roach x4  
  48  5:50  Roach x2  
  48  5:52  Overlord x2  
  52  6:07  Overlord  
  52  6:08  Overlord  
  52  6:12  Muscular Augments  
  52  6:19  Evolution Chamber, Ravager x3  
  52  6:20  Ravager  
  52  6:21  Ravager  
  52  6:24  Drone  
  57  6:26  Drone  
  58  6:35  Ravager x2  
  58  6:37  Hydralisk  
  62  6:42  Spore Crawler  
  62  6:45  Hydralisk  
  63  6:53  Drone x3  
  66  6:57  Drone  
  66  6:59  Drone  
  68  7:16  Grooved Spines  
  68  7:17  Hydralisk x2  
  68  7:18  Hydralisk x2  
  68  7:45  Hydralisk x2  
  68  7:46  Hydralisk x3  
  68  7:48  Drone  
  68  7:50  Queen  
  81  7:54  Drone  
  81  7:55  Drone  
  83  8:06  Overlord x2  
  83  8:07  Overlord  
  83  8:18  Overlord  
  83  8:19  Overlord  
  83  8:23  Extractor  
  83  8:24  Drone x3  
  83  8:25  Drone, Extractor  
  85  8:39  Hydralisk x2  
  89  8:44  Queen  
  89  8:45  Queen  
  94  8:48  Drone  
  94  8:49  Drone  
  94  8:54  Spore Crawler  
  94  8:57  Drone, Spore Crawler  
  94  9:00  Overseer  
  94  9:13  Spire  
  93  9:43  Hydralisk x6  
  105  9:53  Spore Crawler  
  105  9:57  Spore Crawler  
  103  10:01  Drone x2  
  103  10:06  Overseer  
  54  10:24  Overlord  
  54  10:25  Hydralisk x3  
  60  10:40  Hydralisk x3  
  60  10:42  Zergling x4  
  68  10:43  Zergling x2  
  68  10:47  Drone, Extractor  
  68  10:49  Drone  
  70  11:10  Hydralisk x3  
  62  11:41  Hydralisk x3  
  62  11:42  Hydralisk x4  
  62  11:45  Hydralisk  
  65  11:54  Drone x2  
  65  11:59  Overseer  
  65  12:01  Hydralisk x5  
  67  12:02  Hydralisk x3  
  83  12:11  Infestation Pit  
  54  12:30  Zergling x12  
  54  12:31  Zergling x8  
  64  12:48  Hatchery  
  64  12:51  Drone x3  
  64  12:55  Drone  
  67  13:26  Extractor  
  66  13:27  Spore Crawler, Extractor  
  66  13:28  Evolution Chamber  
  66  13:29  Overseer  
  63  13:34  Drone  
  63  13:37  Drone x2  
  63  13:39  Drone  
  67  13:44  Drone  
  68  13:48  Drone  
  68  13:53  Drone  
  70  13:59  Drone x2  
  70  14:00  Drone x5  
  77  14:08  Queen  
  79  14:10  Queen  
  83  14:21  Hydralisk x2  
  83  14:22  Hydralisk x4  
  95  14:36  Lurker Den  
Show
View Real Time Build Order
Export as new Build Order

Стратег Terran 

Build Orders:  

Get SALT Encoding   

  12  0:00  SCV  
  13  0:12  SCV  
  14  0:18  Supply Depot  
  14  0:25  SCV  
  15  0:29  Refinery  
  15  0:40  SCV, Refinery  
  16  0:53  Barracks  
  16  1:01  SCV  
  17  1:11  Supply Depot  
  17  1:14  SCV  
  18  1:26  SCV  
  19  1:40  Orbital Command  
  19  1:46  Barracks Reactor  
  19  1:54  Factory  
  19  2:22  Marine x2  
  21  2:25  SCV  
  22  2:40  Marine x2  
  24  2:48  Factory Tech Lab  
  24  2:51  Starport  
  24  2:58  Marine x2  
  25  3:00  Supply Depot  
  25  3:07  Siege Tank  
  25  3:10  SCV  
  29  3:18  Marine x2  
  29  3:19  Supply Depot  
  31  3:39  Siege Tank  
  34  3:46  Barracks Reactor, Medivac x2  
  38  3:49  Barracks Tech Lab  
  38  3:54  SCV  
  39  4:07  Command Center  
  39  4:17  Marine  
  39  4:20  Stimpack  
  40  4:34  Marine  
  41  4:42  Siege Tank  
  44  4:52  Marine, Barracks  
  45  5:10  Marine  
  46  5:17  SCV  
  43  5:29  SCV  
  43  5:30  Marine  
  42  5:41  SCV  
  43  5:48  Marine  
  43  5:49  Marine  
  45  5:50  Siege Tank  
  45  5:53  SCV  
  48  6:06  Marine  
  48  6:07  Marine  
  50  6:23  Siege Tank, Marine  
  50  6:25  Marine  
  47  6:33  SCV x2  
  47  6:41  Marine  
  47  6:42  Engineering Bay x2  
  47  6:45  SCV x2  
  51  6:49  Barracks Reactor  
  51  6:53  Barracks  
  50  6:55  Siege Tank  
  50  6:58  Orbital Command, Refinery  
  50  6:59  Marine, Refinery  
  54  7:08  SCV  
  53  7:16  Missile Turret x2  
  53  7:17  Marine  
  53  7:20  SCV  
  53  7:26  SCV  
  53  7:27  Marine x2  
  56  7:32  SCV  
  56  7:35  Marine, Missile Turret  
  58  7:37  Missile Turret  
  58  7:45  Marine x2  
  60  7:52  Marine  
  60  7:54  Missile Turret x2  
  60  7:57  SCV  
  62  8:08  Supply Depot  
  62  8:09  SCV  
  62  8:17  Missile Turret  
  62  8:25  Supply Depot  
  62  8:29  SCV x2, Marine x3, Medivac  
  69  8:41  SCV  
  69  8:42  Supply Depot  
  69  8:45  Supply Depot, Barracks Reactor  
  69  8:46  SCV, Medivac  
  73  8:51  Missile Turret  
  73  8:53  Hi-Sec Auto Tracking  
  73  8:54  SCV  
  74  8:56  Neosteel Armor  
  74  8:58  SCV  
  75  9:03  Marine  
  75  9:04  Marine x2  
  75  9:06  SCV  
  79  9:11  SCV  
  80  9:20  Medivac x2  
  80  9:21  Marine  
  80  9:22  Marine x2  
  75  9:39  Marine  
  75  9:40  Marine x2  
  78  9:50  Medivac x2  
  82  9:56  Combat Shield  
  82  9:57  Marine x2  
  82  9:58  Marine  
  82  9:59  Terran Infantry Weapons Level 1  
  85  10:15  Marine x2  
  85  10:16  Marine  
  85  10:18  Command Center  
  88  10:26  Siege Tank  
  91  10:32  Marine  
  91  10:33  Marine  
  91  10:34  Marine  
  94  10:36  Terran Infantry Armor Level 1  
  94  10:53  Armory  
  94  10:58  Supply Depot x3  
  94  11:19  Marine x3  
  94  11:20  Siege Tank  
  63  11:37  Marine x3  
  60  11:55  Marine x3  
  60  12:00  Terran Infantry Weapons Level 2  
  63  12:11  Marine x2  
  63  12:12  Marine  
  63  12:13  Marine x2  
  59  12:29  Marine x2  
  58  12:30  Marine  
  58  12:31  Marine x2  
  61  12:45  Planetary Fortress  
  61  12:47  Marine x2  
  61  12:48  Marine x3  
  66  13:04  Marine  
  66  13:05  Marine  
  68  13:06  Marine x3  
  71  13:22  Marine  
  71  13:23  Marine  
  71  13:24  Marine x3  
  76  13:40  Marine x2  
  78  13:42  Marine x3  
  78  13:43  Barracks x2  
  78  13:45  Barracks  
  81  13:51  Refinery  
  81  13:56  Refinery  
  81  13:58  Marine x2  
  81  13:59  Marine  
  81  14:00  Marine, Marauder  
  87  14:16  Marine x2  
  89  14:17  Marine x2  
  89  14:22  Marauder  
Show
View Real Time Build Order
Export as new Build Order

Ekelpack Zerg - Winner!

Build Orders: Hatch First 

Get SALT Encoding   

  12  0:00  Drone  
  13  0:12  Overlord  
  13  0:17  Drone  
  14  0:30  Drone x2  
  16  0:49  Hatchery  
  15  0:51  Drone  
  15  0:54  Extractor  
  15  0:56  Drone  
  16  1:00  Drone  
  17  1:19  Spawning Pool  
  17  1:21  Drone  
  17  1:22  Drone  
  18  1:28  Drone  
  19  1:38  Drone  
  20  1:59  Drone  
  21  2:02  Drone  
  21  2:05  Queen  
  21  2:06  Queen  
  26  2:14  Overlord  
  26  2:18  Drone  
  26  2:19  Drone  
  28  2:29  Metabolic Boost  
  28  2:34  Drone x4  
  32  2:47  Spine Crawler  
  31  2:56  Zergling x8  
  31  2:57  Lair  
  35  3:11  Spine Crawler  
  34  3:14  Zergling x4  
  34  3:16  Overlord  
  36  3:32  Overlord  
  36  3:35  Zergling x8  
  36  3:36  Zergling x4  
  42  3:47  Overlord  
  42  3:53  Extractor  
  42  3:55  Drone x4  
  45  3:59  Drone x3  
  45  4:02  Extractor x2  
  43  4:21  Queen  
  43  4:23  Drone x2  
  47  4:34  Overlord  
  47  4:35  Drone, Spire  
  47  4:36  Drone  
  48  4:38  Drone x2  
  48  4:39  Drone  
  51  4:47  Drone  
  51  4:49  Overlord  
  52  4:54  Overlord  
  52  5:05  Drone x3  
  54  5:26  Zergling x10  
  54  5:27  Zergling x2  
  52  5:57  Mutalisk x3  
  52  5:58  Mutalisk x3  
  64  6:17  Mutalisk x4  
  64  6:18  Mutalisk x2  
  74  6:23  Hatchery  
  75  6:35  Overlord x3  
  75  6:41  Mutalisk x2  
  79  6:50  Overlord  
  79  6:51  Overlord  
  79  6:56  Mutalisk x2  
  79  6:57  Mutalisk x2  
  87  7:26  Mutalisk  
  87  7:27  Mutalisk x3  
  93  7:44  Zergling x4  
  93  7:45  Zergling x6  
  93  7:46  Drone x3  
  101  7:53  Infestation Pit  
  101  7:57  Drone  
  101  7:58  Drone x2  
  103  8:02  Extractor  
  102  8:14  Drone x3  
  105  8:21  Drone x2  
  105  8:22  Drone x6  
  111  8:37  Hive  
  111  8:40  Pneumatized Carapace  
  111  8:46  Drone x2, Evolution Chamber  
  111  8:47  Evolution Chamber  
  111  8:50  Extractor  
  110  8:56  Zergling x10  
  110  8:57  Zergling x6, Overlord x2  
  118  9:19  Zerg Melee Weapons Level 1  
  118  9:20  Zerg Ground Armor Level 1  
  104  9:36  Mutalisk x2  
  104  9:37  Mutalisk x5  
  110  9:56  Zergling x6  
  110  9:57  Zergling x8  
  110  9:59  Ultralisk Cavern  
  116  10:06  Zergling x2  
  116  10:07  Zergling x2  
  118  10:08  Adrenal Glands  
  107  10:32  Zergling x4  
  107  10:33  Zergling x12  
  107  10:34  Zergling x12  
  121  10:44  Overseer  
  121  10:48  Chitinous Plating  
  121  10:50  Overlord x3  
  103  11:27  Ultralisk  
  103  11:28  Zergling x2, Ultralisk x4  
  103  11:29  Zergling x2  
  115  11:39  Zergling x2  
  116  11:40  Zergling x14  
  116  11:41  Zergling x10  
  116  11:44  Zerg Melee Weapons Level 2  
  116  11:45  Zerg Ground Armor Level 2  
  126  11:51  Extractor  
  125  11:56  Zergling x8  
  125  11:57  Zergling x12  
  135  12:07  Anabolic Synthesis  
  124  12:28  Zergling x2  
  124  12:29  Zergling x12  
  131  12:30  Zergling x14  
  137  12:47  Hatchery  
  136  12:52  Ultralisk x4  
  136  12:53  Zergling x2, Overlord x2  
  159  13:13  Overlord x3  
  156  13:42  Ultralisk x3  
  174  14:02  Drone x5  
  179  14:03  Drone x3  
  181  14:42  Extractor  
  180  14:46  Extractor  
Show
View Real Time Build Order
Export as new Build Order

Nyck Terran - Winner!

Build Orders:  

Get SALT Encoding   

  12  0:00  SCV  
  13  0:12  SCV  
  14  0:19  Supply Depot  
  14  0:24  SCV  
  15  0:40  SCV  
  15  0:42  Barracks  
  16  0:47  Refinery  
  16  0:50  Refinery  
  16  0:54  SCV  
  17  1:08  SCV  
  18  1:23  Barracks  
  18  1:28  Orbital Command  
  18  1:30  Reaper  
  19  1:39  Supply Depot  
  19  1:55  SCV  
  20  2:02  Barracks Tech Lab  
  20  2:10  SCV  
  20  2:12  Barracks Reactor  
  21  2:18  Factory  
  21  2:22  SCV  
  22  2:23  Stimpack  
  22  2:24  Marine  
  23  2:34  SCV  
  24  2:53  Marine, Marauder  
  24  2:54  Marine  
  28  3:10  Bunker  
  28  3:19  SCV  
  29  3:22  Factory Tech Lab  
  29  3:24  Marine x2  
  31  3:30  Supply Depot  
  31  3:31  Marine  
  32  3:44  Marine x2  
  32  3:46  Bunker  
  34  3:52  Siege Tank  
  34  3:53  SCV  
  38  4:04  Starport  
  38  4:05  Concussive Shells  
  38  4:32  Command Center  
  38  4:38  Marine  
  39  4:39  Marine x2  
  39  4:42  Starport Reactor  
  41  4:48  Combat Shield  
  41  4:50  SCV  
  42  5:02  SCV, Marine x3  
  14  5:46  SCV  
  14  5:47  Siege Tank  
  16  5:58  SCV  
  16  6:00  SCV  
  15  6:29  SCV x2  
  17  6:49  SCV x2  
  19  7:10  Orbital Command  
  19  7:12  SCV  
  20  7:25  SCV  
  21  7:38  SCV  
  21  7:39  SCV  
  21  7:43  Command Center  
  23  7:55  SCV  
  23  7:56  SCV  
  25  8:10  Siege Tank  
  29  8:12  SCV  
  29  8:13  SCV  
  29  8:14  Barracks Reactor  
  32  8:27  Marauder  
  32  8:48  SCV  
  32  8:49  SCV  
  32  8:54  Marine x2  
  38  8:55  Marauder  
  38  9:03  Orbital Command  
  38  9:06  SCV  
  38  9:07  SCV  
  40  9:13  Refinery  
  40  9:15  Marine x2  
  40  9:16  Refinery  
  42  9:18  SCV  
  42  9:19  SCV  
  44  9:29  SCV  
  44  9:31  SCV x2  
  47  9:37  Refinery  
  47  9:41  SCV  
  47  9:43  SCV x2  
  47  9:44  Refinery  
  50  9:54  Medivac x2  
  50  9:55  Marine x2  
  50  9:56  Marauder  
  58  10:01  SCV x3  
  61  10:12  Starport  
  54  10:25  SCV x2  
  54  10:26  SCV  
  57  10:30  Medivac x2  
  57  10:33  Marine x2  
  57  10:34  Marauder  
  65  10:37  SCV  
  65  10:38  SCV x2  
  68  10:44  Engineering Bay  
  68  10:47  Armory  
  68  10:50  Starport Tech Lab  
  68  11:04  Fusion Core  
  68  11:05  SCV x3  
  71  11:17  SCV x2  
  71  11:18  SCV  
  60  11:44  SCV x3  
  63  11:51  Marine x2  
  63  11:52  Marauder  
  70  11:56  SCV x2  
  70  11:57  SCV, Widow Mine  
  70  11:58  Medivac x2  
  76  12:06  Caduceus Reactor  
  76  12:07  Supply Depot, Terran Infantry Weapons Level 1  
  76  12:09  Terran Ship Weapons Level 1  
  76  12:17  SCV  
  76  12:21  SCV x2, Battlecruiser  
  85  12:23  Supply Depot  
  85  12:24  Siege Tank  
  88  12:30  SCV  
  88  12:31  Marine x2  
  88  12:32  Marauder  
  88  12:36  Medivac  
  95  12:38  Medivac  
  95  12:40  SCV x2  
  95  12:42  SCV  
  100  12:45  Supply Depot  
  100  12:52  SCV x2  
  100  12:54  SCV  
  103  13:03  Weapon Refit  
  103  13:18  Command Center  
  103  13:22  Siege Tank  
  103  13:25  Battlecruiser  
  112  13:28  Viking x2  
  112  13:30  Marine  
  117  13:40  Supply Depot  
  117  14:01  SCV x3, Marine  
  117  14:02  Marauder  
  123  14:04  Supply Depot  
  123  14:14  SCV x3  
  126  14:26  Supply Depot  
Tags
 
Add a new tag
Caveats
  • Supply blocks, unpowered buildings, or Contaminate may cause inaccurate times.
  • Supply counts are checked every 10 seconds.